 Dungeon Crawl Stone Soup version 0.19.1 (webtiles) character file.

33 Gargoyl the Skirmisher (level 3, -4/31 HPs)
             Began as a Ghoul Abyssal Knight on Dec 15, 2016.
             Was a Follower of Lugonu.
             Slain by a worm (10 damage)
             ... on level 2 of the Dungeon.
             The game lasted 00:03:13 (1437 turns).

Gargoyl the Skirmisher (Ghoul Abyssal Knight)       Turns: 1437, Time: 00:03:13

Health: -4/31      AC:  5    Str: 15    XL:     3   Next: 29%
Magic:  3/3        EV:  5    Int:  7    God:    Lugonu [*.....]
Gold:   74         SH: 11    Dex:  9    Spells: 0 memorised, 2 levels left

rFire  . . .     SeeInvis .     a - +1 hand axe
rCold  + . .     Gourm    .     e - +0 ring mail
rNeg   + + +     Faith    .     g - +0 large shield
rPois  ∞         Spirit   .     (no helmet)
rElec  .         Reflect  .     (no cloak)
rCorr  .         Harm     .     (no gloves)
MR     .....                    (no boots)
Stlth  ..........               (no amulet)
                                (no ring)
                                (no ring)

@: rotting
A: rotting body, claws 1, carnivore 3, cold resistance 1, negative energy
resistance 3, slow regeneration 1, torment resistance, unbreathing
a: Depart the Abyss, Renounce Religion


You were on level 2 of the Dungeon.
You worshipped Lugonu.
Lugonu was aware of your devotion.
You were not hungry.

You visited 1 branch of the dungeon, and saw 2 of its levels.
You visited the Abyss 1 time.

You collected 74 gold pieces.

Inventory:

Hand Weapons
 a - a +1 hand axe (weapon)
Missiles
 l - 5 tomahawks (quivered)
Armour
 e - a +0 ring mail (worn)
 g - a +0 large shield (worn)
Jewellery
 m - an uncursed ring of ice
 r - a +3 ring of protection {unknown}
Scrolls
 j - a scroll of identify
 k - a scroll of enchant armour {unknown}
 n - 2 scrolls of remove curse {unknown}
 o - a scroll of immolation {unknown}
 p - a scroll of fear {unknown}
Potions
 d - 2 potions of magic {unknown}
 i - a potion of agility {unknown}
Books
 b - a book of Transfigurations

   Spells                             Type                      Level
   a - Irradiate                      Conjuration/Transmutation    5
   b - Statue Form                    Transmutation/Earth          6
   c - Hydra Form                     Transmutation                6
   d - Dragon Form                    Transmutation                7
 q - Kikubaaqudgha's Compendium of Dark Rites
   (You found it on level 2 of the Dungeon)

   Spells                             Type                      Level
   a - Animate Skeleton               Necromancy                   1
Comestibles
 c - 2 meat rations
 f - a chunk of flesh
 h - a slice of pizza


   Skills:
 + Level 3.6 Fighting
 + Level 2.1 Axes
 * Level 2.0 Armour
 + Level 0.8 Dodging
 + Level 0.8 Shields
 * Level 2.4 Invocations


You had 2 spell levels left.
You didn't know any spells.

Dungeon Overview and Level Annotations

Branches:
Dungeon (2/15)

Altars:
Elyvilon
Kikubaaqudgha
Sif Muna
Vehumet
Yredelemnul


Innate Abilities, Weirdness & Mutations

Your body is rotting away.
You thrive on raw meat.
You are immune to poison.
You have sharp fingernails.
You are carnivorous and can eat meat at any time.
Your flesh is cold resistant. (rC+)
You are immune to negative energy. (rN+++)
You regenerate slowly when monsters are visible.
You are immune to unholy pain and torment.
You can survive without breathing.


Message History

The worm bites you.
You completely miss the worm.
The worm is heavily wounded.
You block the worm's attack.
Your shield prevents you from hitting the worm.
The worm is heavily wounded.
The worm bites you.
You barely miss the worm.
The worm is moderately wounded.
You block the worm's attack.
Your shield prevents you from hitting the worm.
The worm is moderately wounded.
The worm bites you!
* * * LOW HITPOINT WARNING * * *
You hit the worm.
The worm is heavily wounded.
You hit the worm but do no damage.
The worm is heavily wounded.
The worm bites you!
You die...

.###########.# .#
#.######### .# #........<#
.#########################
.........................#
#######################.##
#.# ###########.###
#..w@.........#
#.#########.#.# #.#.#
#.#.# #.#.# #.#.###
#.....# #######


You could see a worm.

Vanquished Creatures
  A leopard gecko (D:2)
  A ball python (D:2)
  9 bats
  A giant cockroach (D:1)
  5 goblins
  5 hobgoblins
  2 frilled lizards
  3 kobolds
  3 rats
30 creatures vanquished.

Vanquished Creatures (others)
  A kobold (D:2)
1 creature vanquished.

Grand Total: 31 creatures vanquished

Notes
Turn   | Place    | Note
-------+----------+-------------------------------------------
     0 | Abyss:1  | Gargoyl the Ghoul Abyssal Knight began the quest for the Orb.
     0 | Abyss:1  | Reached XP level 1. HP: 19/19 MP: 1/1
    65 | Abyss:2  | Noticed a large abomination
    66 | Abyss:2  | Noticed a thrashing horror
    69 | D:1      | Escaped the Abyss
   505 | D:1      | Reached * piety under Lugonu
   585 | D:1      | Reached XP level 2. HP: 18/26 MP: 2/2
   968 | D:2      | Found a basalt altar of Yredelemnul.
  1031 | D:2      | Found a white marble altar of Elyvilon.
  1210 | D:2      | Reached XP level 3. HP: 31/31 MP: 3/3
  1334 | D:2      | Found a deep blue altar of Sif Muna.
  1336 | D:2      | Found an ancient bone altar of Kikubaaqudgha.
  1351 | D:2      | Found a radiant altar of Vehumet.
  1353 | D:2      | Identified Kikubaaqudgha's Compendium of Dark Rites
  1437 | D:2      | Slain by a worm

Skill      XL: |  1  2 |
---------------+-------+-----
Armour         | 2 |  2.0
Axes           | 2 |  2.1
Fighting       | |  3.6
Dodging        | |  0.8
Shields        | |  0.8
Invocations    | |  2.4

Action                   || total
-------------------------++-------
Melee: Hand axe          ||   120
Invok: Depart the Abyss  ||     1
  Use: Scroll            ||     1
  Eat: Chunk             ||    11
Armor: Ring mail         ||    81
Dodge: Dodged            ||    30
Block: Large shield      ||    77
